 Dungeon Crawl Stone Soup version 0.20-a0-277-g7db01f4 (webtiles) character file.

403061 Lochraine the Formicid Catastrophe (level 24, 0/221 HPs)
             Began as a Formicid Monk on Dec 11, 2016.
             Was an Elder of Qazlal.
             Hit by a large rock thrown by a stone giant (5 damage)
             ... on level 5 of the Vaults.
             The game lasted 02:57:50 (46938 turns).

Lochraine the Formicid Catastrophe (Formicid Monk) Turns: 46938, Time: 02:57:51

Health: 0/221      AC: 32    Str: 26    XL:     24   Next: 46%
Magic:  26/37      EV: 13    Int: 12    God:    Qazlal [****..]
Gold:   3383       SH: 27    Dex: 13    Spells: 23/23 levels left

rFire  + + .     SeeInvis +     a - +7 glaive (vamp)
rCold  + + .     Gourm    .     w - +7 plate armour {rF+}
rNeg   . . .     Faith    .     I - +0 large shield
rPois  +         Spirit   .     (helmet unavailable)
rElec  +         Reflect  +     J - +0 cloak
rCorr  +         Harm     .     B - +1 pair of gloves of Liberalism {Slay+3}
MR     +++..                    (no boots)
Stlth  ..........               S - +3 amulet of reflection
                                U - ring of protection from magic
                                o - ring "Ybbysudo" {rC+ EV+4}

@: resistant, protected from physical damage, repel missiles, heavily drained
A: permanent stasis, dig shafts and tunnels, four strong arms, antennae 3,
robust 1, shaggy fur 1, wild magic 1
}: 2/15 runes: decaying, gossamer
a: Dig, Shaft Self, Upheaval, Elemental Force, Renounce Religion


You were on level 5 of the Vaults.
You worshipped Qazlal.
Qazlal was greatly pleased with you.
You were not hungry.

You visited 7 branches of the dungeon, and saw 39 of its levels.
You visited 1 bazaar.

You collected 4283 gold pieces.
You spent 900 gold pieces at shops.

Inventory:

Hand Weapons
 a - a +7 vampiric glaive (weapon)
 L - the +3 trident "Naunair" {flame, +Blink rF+ Int+2}
   (You bought it in a shop on level 4 of the Dungeon)

   It has been specially enchanted to burn those struck by it, causing extra
   injury to most foes and up to half again as much damage against particularly
   susceptible opponents.
   It affects your intelligence (+2).
   It protects you from fire.
   It lets you blink.
Armour
 w - a +7 plate armour of fire resistance (worn)
 B - the +1 pair of gloves of Liberalism (worn) {Slay+3}
   (You found it on level 5 of the Dungeon)

   It affects your accuracy and damage with ranged weapons and melee attacks
   (+3).
 I - a +0 large shield (worn)
 J - a +0 cloak (worn)
Rods
 F - a +4 rod of shadows (7/14)
   (You found it on level 2 of the Vaults)
Jewellery
 f - the ring "Humat" {rElec rF- Str-4 Int+8 Dex+5}
   (You found it on level 4 of the Dungeon)

   [ring of dexterity]

   It affects your strength (-4).
   It affects your intelligence (+8).
   It affects your dexterity (+5).
   It makes you vulnerable to fire.
   It insulates you from electricity.
 o - the ring "Ybbysudo" (left hand) {rC+ EV+4}
   (You found it on level 8 of the Dungeon)

   [ring of evasion]

   It affects your evasion (+4).
   It protects you from cold.
 y - an uncursed ring of flight
 M - an uncursed ring of protection from fire
 Q - an uncursed ring of positive energy
 S - a +3 amulet of reflection (around neck)
 U - a ring of protection from magic (right hand)
 X - an uncursed ring of poison resistance
 Y - an uncursed ring of resist corrosion
Wands
 d - a wand of enslavement (11/24)
 h - a wand of iceblast (10/15)
 i - a wand of teleportation (4/9)
 n - a wand of confusion (23/48)
 A - a wand of iceblast (5/15)
 R - a wand of enslavement (13/24)
Scrolls
 j - 7 scrolls of identify
 k - 2 scrolls of silence
 l - 6 scrolls of recharging
 p - 3 scrolls of fog
 u - 2 scrolls of immolation
 E - 13 scrolls of remove curse
 N - a scroll of holy word
 W - 2 scrolls of magic mapping
Potions
 m - 2 potions of ambrosia
 s - 13 potions of curing
 t - 3 potions of brilliance
 v - 3 potions of cancellation
 K - 3 potions of resistance
 T - 3 potions of magic
 Z - a potion of cure mutation
Books
 C - a book of Misfortune

   Spells                             Type                      Level
   a - Confusing Touch                Hexes                        1
   b - Confuse                        Hexes                        3
   c - Gell's Gravitas                Hexes/Translocation          3
   d - Petrify                        Transmutation/Earth          4
   e - Metabolic Englaciation         Hexes/Ice                    5
   f - Yara's Violent Unravelling     Hexes/Transmutation          5
Miscellaneous
 g - a fan of gales (inert)
 z - a sack of spiders
 G - a lamp of fire (inert)
Comestibles
 c - 30 bread rations
 x - 75 fruits
 H - 14 meat rations
 P - a royal jelly


   Skills:
 + Level 19.2(16.0) Fighting
   Level 5.4(11.2) Axes
 * Level 19.4(16.5) Polearms
 + Level 19.0(15.9) Armour
 - Level 5.5(3.2) Dodging
 - Level 2.4(0.3) Stealth
 - Level 15.0(12.1) Shields
 + Level 20.1(16.9) Invocations
 - Level 11.9(9.3) Evocations


You had 23 spell levels left.
You didn't know any spells.

Dungeon Overview and Level Annotations

Branches:
Dungeon (15/15)            Temple (0/1) D:6            Lair (6/6) D:11
  Swamp (4/4) Lair:4       Spider (4/4) Lair:2        Slime (0/5) Lair:5
    Orc (2/2) D:11            Elf (3/3) Orc:2        Vaults (5/5) D:14
  Crypt (0/3) Vaults:3     Depths (0/5) D:15

Altars:
Fedhas
Kikubaaqudgha
Makhleb
Okawaru
Qazlal
Ru
Trog
Xom
Beogh
Jiyva

Shops:
D:4 (   D:12 ((}?   D:15 *   Orc:1 *   Orc:2 }(?:   Elf:2 *   Vaults:1 (
Vaults:2 %%   Vaults:3 !

Annotations:
D:8 exclusion: 2 oklob plants
Lair:5 exclusion: oklob plant


Innate Abilities, Weirdness & Mutations

You cannot be hasted, slowed, berserked, paralysed or teleported.
You can dig through walls and to a lower floor.
Your four strong arms can wield two-handed weapons with a shield.
You have a pair of large antennae on your head. (SInv)
You are robust. (+10% HP)
You are covered in fur. (AC +1)
Your spells are a little harder to cast, but a little more powerful.


Message History

Unknown command.
Okay, then.
Unknown command.
Okay, then.
Okay, then.
Unknown command.
Unknown command.
Okay, then.
Unknown command.
Press: ? - help, v - describe, . - travel, g - get item
Here: a titan (moderately wounded)
A chain mail.
There is something else lying underneath.
The floor, spattered with blood.
Okay, then.
Unknown command.
You slash the titan!
The titan is moderately wounded.
The stone giant throws a large rock.
The large rock hits you.
You die...

######..o[([..##
.......)[<<.[[....
......([Q[.<≈...[
.......[[<<.≈.≈.
.......[.).)....
######...§.≈..##
..C.C.)≈.(..
##.#†.)C#[.. {{
#.#.§)@#..#
#.#.§§.# .# #.§≈.#
{ #....# #....#
#..≈≈# #..≈≈#
#....# #....#


You could see a titan, 2 stone giants and a tengu reaver.

Vanquished Creatures
  Mara (Swamp:3)
  An ancient lich (Vaults:5)
  Bai Suzhen (Swamp:3)
  Saint Roka (Vaults:4)
  Xtahua (Vaults:4)
  A golden dragon (Vaults:4)
  Arachne (Spider:4)
  3 tentacled monstrosities
  2 deep elf master archers (Elf:3)
  2 deep elf blademasters
  A quicksilver dragon (Vaults:4)
  2 titans (Vaults:5)
  2 sphinxes
  Kirke (Swamp:1)
  An ancient champion (Vaults:3)
  4 thorn hunters
  3 tengu reavers (Vaults:5)
  3 shadow dragons (Vaults:4)
  Donald (Swamp:2)
  A storm dragon (D:12)
  2 frost giants
  Roxanne (Swamp:4)
  4 emperor scorpions
  9 vault wardens
  The ghost of Zorot the Warrior, a journeyman MiBe of Trog (D:14)
  5 deep elf sorcerers
  5 ghost moths
  A large abomination (Vaults:2)
  4 fire giants
  5 deep elf elementalists
  A war gargoyle (Vaults:5)
  13 ironheart preservers
  6 stone giants
  An entropy weaver (shapeshifter) (Vaults:5)
  6 very ugly things
  6 entropy weavers
  7 deep elf annihilators
  A vampire knight (Vaults:3)
  2 deep elf demonologists
  4 spark wasps
  The ghost of junb69 the Carver, a journeyman DgGl (Orc:1)
  Azrael (Spider:2)
  4 deep elf death magi
  An ettin (Vaults:4)
  2 fire dragons
  5 great orbs of eyes
  A fire dragon (shapeshifter) (D:15)
  5 deep elf high priests
  5 yaktaur captains
  26 hydras
  3 ice dragons (Vaults:2)
  5 catoblepae
  2 rakshasas (Vaults:2)
  27 vault guards
  4 centaur warriors
  3 ghost crabs
  The ghost of Tramtrist the Spry, a journeyman SpAs of Trog (D:13)
  Erolcha (D:11)
  3 deep troll shamans
  30 dancing weapons
  A death knight (D:11)
  11 ogre magi
  11 death yaks
  7 alligators
  A deep troll earth mage (Vaults:5)
  2 tengu warriors (D:14)
  A queen ant (Lair:4)
  15 deep elf knights
  6 orc high priests
  A soul eater (Vaults:3)
  A small abomination (Vaults:2)
  A shadow wraith (Vaults:1)
  4 skeletal warriors (Vaults:2)
  4 unseen horrors
  19 deep trolls
  A shambling mangrove (Swamp:3)
  An obsidian statue (Vaults:3)
  A flayed ghost (Vaults:4)
  7 deep elf archers
  2 spriggan druids (Swamp:4)
  A glowing orange brain (shapeshifter) (Vaults:3)
  5 wizards
  10 hill giants
  15 swamp dragons
  11 ironbrand convokers
  2 wolf spider zombies (D:15)
  5 harpies (Vaults:4)
  An orb spider (shapeshifter) (D:15)
  17 orb spiders
  7 necromancers
  8 orc knights
  46 deep elf magi
  3 orc sorcerers
  39 wolf spiders
  4 oklob plants (Lair:2)
  4 cyclopes
  A frost giant zombie (Vaults:1)
  11 ugly things
  A fire giant zombie (Vaults:2)
  5 manticores
  A fire giant skeleton (Vaults:1)
  3 moths of wrath (Spider:4)
  14 vault sentinels
  A torpor snail (Spider:3)
  A naga mage (D:15)
  2 guardian serpents (shapeshifter) (Vaults:4)
  4 gargoyles
  20 spiny frogs
  An orc skeleton (Vaults:2)
  A rime drake (Lair:6)
  A redback zombie (D:15)
  17 demonic crawlers
  An efreet (D:14)
  2 komodo dragons (shapeshifter)
  2 yaktaurs (shapeshifter)
  3 freezing wraiths
  13 human skeletons
  29 yaktaurs
  24 jumping spiders
  13 komodo dragons
  A tengu conjurer (D:14)
  A queen bee (D:10)
  7 trolls
  A queen bee (shapeshifter) (Vaults:3)
  7 tyrant leeches
  A merfolk (shapeshifter) (Vaults:5)
  3 meliai (D:14)
  A polar bear (Lair:6)
  16 two-headed ogres
  22 hornets
  8 dream sheep
  34 slime creatures
  12 bog bodies
  A blink frog (shapeshifter) (Vaults:4)
  27 blink frogs
  A stone giant simulacrum (Vaults:1)
  13 hippogriffs
  5 air elementals
  93 redbacks
  2 shadows
  2 water elementals
  10 spriggans
  An ettin skeleton (Vaults:2)
  2 wraiths
  2 vampires
  Grum (D:11)
  2 fire elementals
  20 humans
  37 yaks
  2 wyverns
  21 tarantellas
  A hog (Swamp:2)
  A human simulacrum (Vaults:1)
  4 basilisks
  5 insubstantial wisps (Swamp:2)
  23 vampire mosquitoes
  23 swamp worms
  8 soldier ants (Lair:4)
  2 hungry ghosts
  2 yaktaur simulacra
  A soldier ant (shapeshifter) (D:14)
  5 wargs
  5 hell hounds (Spider:2)
  10 water moccasins
  15 porcupines
  14 swamp drakes
  An ogre skeleton (Vaults:1)
  Duvessa (D:5)
  40 orc warriors
  3 sky beasts
  5 ice beasts
  A floating eye (shapeshifter) (Vaults:5)
  4 phantoms
  2 eyes of draining
  An eye of draining (shapeshifter) (Vaults:4)
  2 necrophages
  A boggart (Vaults:2)
  2 wolves (D:10)
  49 ogres
  9 centaurs
  13 crocodiles
  6 big kobolds
  Blork the orc (D:6)
  An earth elemental (Elf:2)
  A wyvern zombie (D:14)
  15 bullfrogs
  A water moccasin zombie (D:5)
  Dowan (D:5)
  4 scorpions
  40 killer bees
  4 wights (D:11)
  3 electric eels
  4 howler monkeys
  9 crimson imps
  2 quasits
  4 hounds
  2 bullfrog zombies
  6 jellies
  A bullfrog skeleton (D:12)
  3 centaur zombies
  33 orc priests
  27 orc wizards
  8 centaur skeletons
  2 iguanas
  An iron imp (Orc:2)
  Jessica (D:2)
  32 worker ants
  A killer bee zombie (D:8)
  A hound zombie (D:11)
  A hound skeleton (D:10)
  A worker ant zombie (D:10)
  Robin (D:3)
  13 adders
  A gnoll (D:4)
  3 shadow imps
  A white imp (Orc:2)
  2 ufetubi (D:14)
  An ooze (shapeshifter) (Vaults:4)
  2 worms
  2 dart slugs
  6 leopard geckos
  90 orcs
  4 bats
  13 giant cockroaches
  17 goblins
  10 hobgoblins
  21 jackals
  32 kobolds
  A quokka (D:7)
  A ball python (D:7)
  2 frilled lizards
  A goblin zombie (D:5)
  A jackal skeleton (D:4)
  A jackal zombie (D:5)
  A leopard gecko zombie (D:6)
  9 rats
  A briar patch (Swamp:4)
  A butterfly (Lair:5)
1756 creatures vanquished.

Vanquished Creatures (collateral kills)
  A deep elf sorcerer (Elf:3)
  A deep elf demonologist (Elf:3)
  A deep elf annihilator (Elf:3)
  A hydra (Lair:3)
  A wolf spider (Spider:4)
  A redback (Spider:4)
  A water moccasin (Lair:3)
  A crocodile (Lair:3)
8 creatures vanquished.

Vanquished Creatures (others)
  A deep elf master archer (Elf:3)
  A fire giant (D:12)
  A deep elf demonologist (Elf:3)
  2 yaktaur captains
  A deep elf knight (Elf:2)
  3 deep elf archers (Vaults:2)
  An orc knight (Vaults:1)
  A deep elf mage (Elf:1)
  A cyclops (Vaults:2)
  10 yaktaurs
  A two-headed ogre (Vaults:1)
  A redback (Spider:2)
  A human (Swamp:2)
  2 orc warriors
  2 swamp drakes
  An ogre (Vaults:4)
  4 centaurs
  4 orcs
  A goblin (D:3)
  A bush (D:11)
  4 fungi
  14 plants
58 creatures vanquished.

Grand Total: 1822 creatures vanquished

Notes
Turn   | Place    | Note
-------+----------+-------------------------------------------
     0 | D:1      | Lochraine the Formicid Monk began the quest for the Orb.
     0 | D:1      | Reached XP level 1. HP: 18/18 MP: 1/1
   155 | D:1      | Reached XP level 2. HP: 23/24 MP: 2/2
   382 | D:1      | Reached XP level 3. HP: 27/29 MP: 3/3
   880 | D:2      | Found a shimmering altar of Xom.
  1030 | D:2      | Reached XP level 4. HP: 35/35 MP: 4/4
  1083 | D:2      | Noticed Jessica
  1093 | D:2      | Killed Jessica
  1093 | D:2      | Reached skill level 1 in Armour
  1154 | D:2      | Found a stormy altar of Qazlal.
  1160 | D:2      | Became a worshipper of Qazlal Stormbringer
  1160 | D:2      | Reached * piety under Qazlal
  1160 | D:2      | Reached ** piety under Qazlal
  1387 | D:2      | Reached XP level 5. HP: 36/42 MP: 5/5
  1472 | D:2      | Reached skill level 1 in Invocations
  1856 | D:3      | Noticed Robin
  2012 | D:3      | Killed Robin
  2264 | D:3      | Found an iron altar of Okawaru.
  2419 | D:3      | Noticed a wyvern
  2432 | D:3      | You fall through a shaft for 2 floors!
  2432 | D:5      | Entered Level 5 of the Dungeon
  2783 | D:4      | Reached XP level 6. HP: 40/48 MP: 7/7
  2829 | D:4      | Got a polished glaive
  2830 | D:4      | Identified the cursed +0 glaive of Grandeur {freeze, rF+ Int+3 Dex-3} (You found it on level 4 of the Dungeon)
  3221 | D:3      | Killed a wyvern
  3221 | D:3      | Reached skill level 5 in Axes
  3221 | D:3      | Reached skill level 2 in Invocations
  3550 | D:4      | Found Jungy's Antique Weapon Shop.
  3558 | D:4      | Bought a warped trident for 170 gold pieces
  3561 | D:4      | Identified the +3 trident "Naunair" {flame, +Blink rF+ Int+2} (You bought it in a shop on level 4 of the Dungeon)
  3586 | D:4      | Got a shimmering jade ring
  3587 | D:4      | Identified the ring "Humat" {rElec rF- Str-4 Int+8 Dex+5} (You found it on level 4 of the Dungeon)
  3621 | D:4      | Reached XP level 7. HP: 40/55 MP: 9/9
  3965 | D:5      | Noticed a water moccasin
  3982 | D:5      | Killed a water moccasin
  3982 | D:5      | Reached skill level 3 in Invocations
  4213 | D:5      | Got a pair of dazzling gloves
  4219 | D:5      | Identified the +1 pair of gloves of Liberalism {Slay+3} (You found it on level 5 of the Dungeon)
  4219 | D:5      | Noticed Dowan
  4221 | D:5      | Noticed Duvessa
  4222 | D:5      | Killed Dowan
  4222 | D:5      | Reached skill level 5 in Fighting
  4244 | D:5      | Killed Duvessa
  4244 | D:5      | Reached skill level 1 in Polearms
  4420 | D:5      | Reached skill level 4 in Invocations
  4420 | D:5      | Reached XP level 8. HP: 60/62 MP: 9/11
  4931 | D:6      | Noticed Blork the orc
  4936 | D:6      | Killed Blork the orc
  5069 | D:6      | Reached skill level 5 in Invocations
  5118 | D:6      | Found a staircase to the Ecumenical Temple.
  5391 | D:6      | Reached skill level 5 in Armour
  5883 | D:7      | Reached *** piety under Qazlal
  6009 | D:7      | Noticed a hippogriff
  6015 | D:7      | Killed a hippogriff
  6015 | D:7      | Reached XP level 9. HP: 60/71 MP: 13/13
  6382 | D:7      | Reached skill level 6 in Invocations
  7094 | D:8      | Got a heavily runed silver ring
  7196 | D:8      | Reached skill level 7 in Invocations
  7303 | D:8      | Found a blossoming altar of Fedhas.
  7305 | D:8      | Noticed an oklob plant
  7305 | D:8      | Noticed an oklob plant
  7742 | D:9      | Found a burning altar of Makhleb.
  7836 | D:9      | Reached skill level 5 in Polearms
  7836 | D:9      | Reached XP level 10. HP: 60/79 MP: 15/15
  7842 | D:9      | Reached skill level 1 in Shields
  8038 | D:9      | Identified the ring "Ybbysudo" {rC+ EV+4} (You found it on level 8 of the Dungeon)
  8052 | D:9      | You fall through a shaft!
  8052 | D:10     | Entered Level 10 of the Dungeon
  8182 | D:10     | Noticed a hill giant
  8186 | D:10     | Killed a hill giant
  8186 | D:10     | Reached skill level 8 in Invocations
  8592 | D:10     | Noticed a gargoyle
  8974 | D:9      | Reached XP level 11. HP: 87/87 MP: 17/17
  9158 | D:10     | Noticed a hill giant
  9170 | D:10     | Killed a hill giant
  9170 | D:10     | Reached skill level 5 in Shields
  9319 | D:10     | Reached **** piety under Qazlal
  9322 | D:10     | Noticed a hill giant
  9335 | D:10     | Killed a hill giant
  9335 | D:10     | Reached skill level 9 in Invocations
  9620 | D:10     | Noticed a hill giant
  9641 | D:10     | Killed a hill giant
  9952 | D:11     | Noticed Erolcha
  9960 | D:11     | Killed Erolcha
  9981 | D:11     | Noticed a hill giant
 10025 | D:10     | Killed a hill giant
 10137 | D:10     | Reached skill level 10 in Fighting
 10138 | D:10     | Reached XP level 12. HP: 31/97 MP: 13/19
 10430 | D:11     | Noticed Grum
 10478 | D:11     | Noticed a centaur warrior
 10479 | D:11     | Killed Grum
 10487 | D:10     | Reached skill level 10 in Invocations
 10497 | D:10     | Killed a centaur warrior
 11126 | D:11     | Found a staircase to the Lair.
 11338 | D:11     | Noticed a six-headed hydra
 11352 | D:11     | Killed a ten-headed hydra
 11352 | D:11     | Reached skill level 10 in Armour
 11674 | D:11     | Noticed a death knight
 11679 | D:11     | Gained mutation: Your spells are a little harder to cast, but a little more powerful. [potion of beneficial mutation]
 11690 | D:11     | Killed a death knight
 12150 | D:11     | Reached skill level 11 in Invocations
 12151 | D:11     | Noticed an unseen horror
 12156 | D:11     | Found a staircase to the Orcish Mines.
 12157 | D:11     | Killed an unseen horror
 12157 | D:11     | Reached XP level 13. HP: 84/106 MP: 21/21
 12371 | D:11     | You fall through a shaft!
 12406 | D:12     | Reached ***** piety under Qazlal
 12788 | D:12     | Found Paugozen's Magic Scroll Shoppe.
 12909 | Lair:1   | Entered Level 1 of the Lair of Beasts
 13302 | Lair:1   | Reached skill level 10 in Polearms
 13408 | Lair:1   | Reached skill level 12 in Invocations
 14075 | Lair:2   | Found a hole to the Spider Nest.
 14225 | Lair:2   | Got an ichor-stained leather armour
 14237 | Lair:2   | Identified the +1 leather armour "Qoeror" {rN+} (You found it on level 2 of the Lair of Beasts)
 14441 | Lair:2   | Got a faintly glowing chain mail
 14453 | Lair:2   | Identified the +2 chain mail of Vaystari {rC+} (You found it on level 2 of the Lair of Beasts)
 14472 | Lair:2   | Identified a +5 rod of inaccuracy (13/13) (You found it on level 2 of the Lair of Beasts)
 14794 | Lair:3   | Reached skill level 1 in Evocations
 14809 | Lair:3   | Noticed a four-headed hydra
 14813 | Lair:3   | Killed a four-headed hydra
 15251 | Lair:3   | Reached XP level 14. HP: 78/115 MP: 23/23
 15690 | Lair:4   | Noticed an entropy weaver
 15724 | Lair:4   | Killed an entropy weaver
 15849 | Lair:4   | Noticed an entropy weaver
 15860 | Lair:4   | Killed an entropy weaver
 16251 | Lair:4   | Found a staircase to the Swamp.
 17047 | Lair:5   | Found a viscous altar of Jiyva.
 17048 | Lair:5   | Found a staircase to the Slime Pits.
 17581 | Lair:6   | Entered Level 6 of the Lair of Beasts
 17755 | Lair:5   | Reached skill level 13 in Invocations
 18412 | Lair:6   | Reached skill level 5 in Evocations
 18419 | Lair:5   | Reached XP level 15. HP: 94/122 MP: 17/25
 18724 | Lair:6   | Gained mutation: You are robust. (+10% HP) [potion of beneficial mutation]
 19973 | Orc:1    | Entered Level 1 of the Orcish Mines
 20451 | Orc:1    | Noticed junb69's ghost (journeyman DgGl)
 20490 | Orc:1    | Killed junb69's ghost
 20510 | Orc:1    | Found a roughly hewn altar of Beogh.
 20577 | Orc:1    | Found a roughly hewn altar of Beogh.
 20729 | Orc:1    | Reached skill level 14 in Invocations
 20858 | Orc:2    | Entered Level 2 of the Orcish Mines
 20955 | Orc:2    | Found a staircase to the Elven Halls.
 21124 | Orc:2    | Reached ****** piety under Qazlal
 21673 | Orc:2    | Found Unoridgh's Magic Scroll Shop.
 21673 | Orc:2    | Found Caegyu's Gadget Boutique.
 21674 | Orc:2    | Found Offauv's Weapon Boutique.
 21677 | Orc:2    | Found Jeptowee's Book Shop.
 22001 | Orc:1    | Found Naxtutro's Assorted Antiques.
 22042 | Orc:1    | Bought a fizzy emerald potion for 28 gold pieces
 22258 | Swamp:1  | Entered Level 1 of the Swamp
 22298 | Lair:4   | Reached XP level 16. HP: 88/145 MP: 26/26
 23050 | Swamp:2  | Noticed Kirke
 23054 | Swamp:2  | Noticed a sphinx
 23067 | Swamp:1  | Killed Kirke
 23568 | Swamp:2  | Noticed Donald
 23579 | Swamp:2  | Killed Donald
 24293 | Swamp:3  | Reached skill level 15 in Invocations
 24364 | Swamp:3  | Noticed Bai Suzhen
 24449 | Swamp:3  | Killed Bai Suzhen
 24953 | Swamp:3  | Noticed a thorn hunter
 24960 | Swamp:3  | Killed a thorn hunter
 25183 | Swamp:4  | Entered Level 4 of the Swamp
 25220 | Swamp:4  | Reached XP level 17. HP: 148/154 MP: 28/28
 25719 | Swamp:4  | Noticed a thorn hunter
 25766 | Swamp:4  | Noticed a thorn hunter
 25775 | Swamp:4  | Killed a thorn hunter
 26122 | Swamp:3  | Reached skill level 15 in Fighting
 26157 | Swamp:4  | Noticed Mara
 26173 | Swamp:3  | Noticed Lochraine's illusion
 26176 | Swamp:3  | Killed Mara
 26244 | Swamp:3  | Killed a thorn hunter
 26576 | Swamp:4  | Reached skill level 5 in Dodging
 27105 | Swamp:4  | Reached skill level 15 in Armour
 27444 | Swamp:4  | Reached skill level 16 in Invocations
 27585 | Swamp:4  | Noticed Roxanne
 27630 | Swamp:4  | Killed Roxanne
 27847 | Swamp:4  | Got an encrusted broad axe
 28125 | Swamp:4  | Identified the +7 broad axe "Hell-Harrower" {flame, Stlth+} (You found it on level 4 of the Swamp)
 28260 | Swamp:4  | Got a decaying rune of Zot
 28311 | Swamp:4  | Noticed a thorn hunter
 28321 | Swamp:4  | Killed a thorn hunter
 28663 | Spider:1 | Entered Level 1 of the Spider Nest
 28751 | Spider:1 | Reached XP level 18. HP: 103/163 MP: 30/30
 29475 | Spider:2 | Noticed Azrael
 29479 | Spider:2 | Killed Azrael
 31144 | Spider:3 | Reached skill level 10 in Evocations
 31344 | Spider:4 | Entered Level 4 of the Spider Nest
 31587 | Spider:4 | Reached XP level 19. HP: 63/172 MP: 1/31
 31685 | Spider:4 | Reached skill level 17 in Invocations
 31815 | Spider:4 | Noticed Arachne
 31834 | Spider:4 | Killed Arachne
 33362 | Spider:4 | Got a gossamer rune of Zot
 33761 | D:12     | Found Vuest's Weapon Shoppe.
 33786 | D:12     | Found Saoxa's Antique Weapon Shop.
 33846 | D:12     | Bought a scroll of immolation for 59 gold pieces
 34021 | D:12     | Found a large runed door.
 34023 | D:12     | Found a large runed door.
 34059 | D:12     | Found Avotwev's Gadget Shoppe.
 34125 | D:12     | Found a sacrificial altar of Ru.
 34133 | D:12     | Reached skill level 15 in Polearms
 34151 | D:12     | Found a bloodstained altar of Trog.
 34420 | D:13     | Noticed Tramtrist's ghost (journeyman SpAs)
 34454 | D:13     | Killed Tramtrist's ghost
 35124 | D:14     | Noticed Zorot's ghost (journeyman MiBe)
 35298 | D:14     | Killed Zorot's ghost
 35749 | D:14     | Reached XP level 20. HP: 182/182 MP: 32/32
 35752 | D:14     | Found a gate to the Vaults.
 35873 | D:14     | Found a stormy altar of Qazlal.
 35877 | D:14     | Got a transparent ring mail
 35889 | D:14     | Identified the +0 ring mail "Ixiuv" {rC+++ MR+++ Str-4 Int-5} (You found it on level 14 of the Dungeon)
 36093 | D:15     | Entered Level 15 of the Dungeon
 36603 | D:15     | Found an ancient bone altar of Kikubaaqudgha.
 36603 | D:15     | Found Nebiunax's Assorted Antiques.
 36610 | D:15     | Bought a shiny large shield for 283 gold pieces
 36679 | D:15     | Got a translucent cloak
 36690 | D:15     | Identified the cursed +0 cloak of Xant {Str-5 Int+5 Stlth+} (You found it on level 15 of the Dungeon)
 36799 | D:15     | Found a staircase to the Depths.
 37239 | Elf:1    | Entered Level 1 of the Elven Halls
 37964 | Elf:1    | Identified the Compendium of the Escort
 38322 | Elf:1    | Reached skill level 10 in Shields
 38817 | Elf:2    | Found Ubichaus's General Store.
 38916 | Elf:2    | Found a runed gate.
 38918 | Elf:2    | Found a runed gate.
 38921 | Elf:2    | Found a runed gate.
 39009 | Elf:2    | Reached XP level 21. HP: 110/191 MP: 33/33
 39315 | Elf:3    | Entered Level 3 of the Elven Halls
 39647 | Elf:3    | Reached skill level 15 in Shields
 39758 | Elf:3    | Reached skill level 18 in Invocations
 40354 | Vaults:1 | Entered Level 1 of the Vaults
 41188 | Vaults:1 | Reached XP level 22. HP: 200/200 MP: 35/35
 41212 | Vaults:1 | Found Aqipte Guto's Weapon Emporium.
 41543 | Vaults:2 | Found Yguihes's Food Shoppe.
 41628 | Vaults:2 | Found a flickering gateway to a bazaar.
 41638 | Bazaar   | Entered a bazaar
 41652 | Bazaar   | Found Femm's Armour Emporium.
 41667 | Bazaar   | Found Obrempil's Weapon Emporium.
 41667 | Bazaar   | Found Dualausuh's Weapon Shoppe.
 41688 | Bazaar   | Found Upurow's Antique Armour Emporium.
 41703 | Bazaar   | Found Fanypp's Food Emporium.
 41703 | Bazaar   | Found Noozar's Gadget Shoppe.
 41787 | Vaults:2 | Found Fohoteso's Food Shoppe.
 41952 | Vaults:2 | Identified a +4 rod of shadows (14/14) (You found it on level 2 of the Vaults)
 43429 | Vaults:3 | Found a staircase to the Crypt.
 43651 | Vaults:3 | Found Veish's Distillery.
 43685 | Vaults:3 | Bought a potion of cancellation for 144 gold pieces
 43685 | Vaults:3 | Bought a potion of might for 72 gold pieces
 43685 | Vaults:3 | Bought a potion of cancellation for 144 gold pieces
 43783 | Vaults:3 | Reached skill level 19 in Invocations
 44285 | Vaults:4 | Noticed Saint Roka
 44317 | Vaults:4 | Killed Saint Roka
 44317 | Vaults:4 | Reached XP level 23. HP: 202/209 MP: 36/36
 44781 | Vaults:4 | Noticed Xtahua
 44812 | Vaults:4 | Killed Xtahua
 44884 | Vaults:4 | Gained mutation: You are covered in fur. (AC +1) [potion of beneficial mutation]
 45388 | Vaults:5 | Entered Level 5 of the Vaults
 45424 | Vaults:5 | Noticed an ancient lich
 45429 | Vaults:5 | Noticed a golden dragon
 45741 | Vaults:4 | Killed a golden dragon
 45741 | Vaults:4 | Reached XP level 24. HP: 76/220 MP: 36/36
 46423 | Vaults:5 | Reached skill level 20 in Invocations
 46928 | Vaults:5 | Killed an ancient lich
 46937 | Vaults:5 | HP: 5/221 [tengu reaver/bolt of lightning (9)]
 46938 | Vaults:5 | Hit by a large rock thrown by a stone giant

Vault maps used:
D:1:      eino_arrival_druids_welcome, minmay_box_of_dots
D:2:      minmay_roachtagon, nicolae_overflow_crystal_walls,
          grunt_qazlal_sundering, uniq_jessica
D:3:      okawaru_metal_pillars_1_2, uniq_robin
D:4:      serial_shops, shop, minmay_crossroads
D:5:      first_bread, enter_ossuary_3, due_unseen_surprise, uniq_duvessa
D:6:      item_on_display_a, uniq_blork_the_orc
D:7:      grunt_ministairs_6
D:8:      enter_bailey_3, hangedman_tree_tricks
D:9:      kennysheep_mini
D:10:     kennysheep_six_static_rooms, special_room
D:11:     hangedman_cross_veins, minmay_lair_entry_grove, hiddenorc2_lemuel,
          enter_trove_6, uniq_grum, uniq_erolcha
D:12:     serial_shops, nicolae_shop_competitors_out_of_business, shop,
          kennysheep_mini_moat, nicolae_shop_overgrown_old_shop,
          minmay_tree_intersection, blue_anna_alchemist, jmf_multi_god_temple2
D:13:     minmay_door_square, abandoned_shop
D:14:     grunt_vaults_entry_tiered, serial_ice, serial_ice_h, serial_ice_g,
          serial_ice_a, serial_ice_d, serial_ice_f, serial_ice_m, basic_altar
D:15:     grunt_enter_depths_magical_seal, minmay_misc_feat_chi, serial_shops,
          shop, basic_altar
Lair:1:   kb_forest_paths, serial_bayou_shore_b
Lair:2:   spider_nest_entry_webs, nicolae_quartered_pool_little,
          minmay_lair_oklob_chamber, lemuel_fruit_fields
Lair:3:   nicolae_lair_grove_arrangements, serial_bayou_lake_a
Lair:4:   swamp_mist, minmay_another_anthill, lemuel_fruit_fields
Lair:5:   dpeg_slime_entry_enclosed_altar, lemuel_fruit_fields
Lair:6:   evilmike_catoblepas_cave, lemuel_fruit_tree, grunt_megastairs_5
Swamp:1:  evilmike_swamp_ruin_house_2, swamp_pool2
Swamp:2:  evilmike_swamp_ruin_house_5, uniq_donald, uniq_kirke
Swamp:3:  nicolae_swamp_stair_fork, uniq_bai_suzhen
Swamp:4:  swamp, swamp_pool4, uniq_roxanne, uniq_mara
Spider:2: uniq_azrael
Spider:4: johnstein_spider_rune_arachne_lair, guppyfry_spider_mini_1
Orc:1:    nicolae_orc_accident_2, basic_altar, serial_shops, shop
Orc:2:    st_orc_mages, hangedman_minor_magic
Elf:1:    elf_arrival_001, minmay_elf_demonology, serial_sigils_hangedman_snap
Elf:2:    serial_shops, shop_coins
Elf:3:    minmay_elf_hall_hex, minmay_shoptagon
Vaults:1: v_misc_11, ontoclasm_vaults_eye, nicolae_vaults_angled_halls,
          nicolae_vaults_c_with_doors, hangedman_vaults_stagger,
          nicolae_vaults_little_squares_5, vaults_room_grid,
          hangedman_vaults_capsules, hangedman_vaults_slither,
          nicolae_vaults_rhombus_6, ontoclasm_vaults_ligature,
          ontoclasm_vaults_pinch, hangedman_vaults_slice, vaults_room_pool,
          hangedman_vaults_stretched_pinwheel, serial_shops, shop
Vaults:2: vaults_room_pool, v_alt_pattern_1, grunt_vaults_bifocal,
          nicolae_vaults_little_squares_6, vaults_dpeg_diagonal,
          dpeg_vaults_monster_box, nicolae_vaults_mini_display_case,
          serial_shops, bzr_firewalk, nicolae_shop_window_shopping, shop
Vaults:3: nicolae_vaults_statue_guard, vaults_standard_mumra_x,
          hangedman_vaults_corner_blocks, v_alt_pattern_3,
          nicolae_vaults_little_squares_6, hangedman_vaults_unwind,
          vaults_room_pools, minmay_crypt_entry_simple_statues,
          nicolae_vaults_yaktaur_gun_rack, serial_shops, shop
Vaults:4: st_cross, v_misc_11, nicolae_vaults_rhombus_7,
          nicolae_vaults_disjoint_gnomons, nicolae_vaults_network_quinsquares,
          hangedman_vaults_impose, hangedman_vaults_stream, grunt_vaults_focal,
          grunt_vaults_swirl, nicolae_vaults_shelves_hall,
          dpeg_vaults_monster_row, vaults_room_hallway, nicolae_vaults_theta,
          uniq_saint_roka, uniq_xtahua
Bazaar:   bazaar_long_row

Skill      XL: |  1  2  3  4  5  6  7  8  9 10 11 12 13 14 15 16 17 18 19 20 21 22 23 24 |
---------------+-------------------------------------------------------------------------+-----
Dodging        | 3 5 |  5.5
Axes           | 4 5 |  5.4
Armour         | 1 2 3 5 6 7 9 10 11 12 13 14 15 16 17 18 19 | 19.0
Invocations    | 1 2 4 5 7 8 9 11 12 13 14 15 16 17 18 19 20 | 20.1
Fighting       | 4 5 6 7 8 10 11 12 13 14 15 16 17 18 19 | 19.2
Polearms       | 1 3 5 6 7 9 10 11 12 13 14 15 16 17 19 | 19.4
Shields        | 4 7 8 9 13 15 | 15.0
Evocations     | 1 5 6 7 8 10 11 | 11.9
Stealth        | |  2.4

Action                   |  1- 3 |  4- 6 |  7- 9 | 10-12 | 13-15 | 16-18 | 19-21 | 22-24 || total
-------------------------+-------+-------+-------+-------+-------+-------+-------+-------++-------
Melee: Hand axe          |   116 |   210 |       |       |       |       |       |       ||   326
       Glaive            |       |    29 |       |   181 |  1125 |  1362 |  1575 |   984 ||  5256
       Trident           |       |     5 |   204 |   414 |    34 |   134 |   135 |       ||   926
Throw: Javelin           |       |     6 |     5 |     8 |    10 |     3 |       |       ||    32
Invok: Upheaval          |       |     2 |     5 |    13 |    11 |    31 |    10 |    10 ||    82
       Disaster Area     |       |       |       |       |     1 |       |     1 |     6 ||     8
       Elemental Force   |       |       |       |       |       |     1 |     1 |     1 ||     3
 Abil: Shaft Self        |       |     1 |       |       |       |       |       |       ||     1
       Dig               |       |       |     1 |     3 |     8 |     5 |     5 |       ||    22
       Evoke Flight      |       |       |       |       |       |     1 |       |       ||     1
Evoke: Wand              |       |       |       |     5 |     2 |    12 |    11 |     2 ||    32
       Rod               |       |       |       |       |     4 |       |       |     2 ||     6
       Lamp of fire      |       |       |       |       |       |     1 |     1 |     1 ||     3
       Fan of gales      |       |       |       |       |       |       |       |     1 ||     1
       Sack of spiders   |       |       |       |       |       |       |       |     1 ||     1
  Use: Scroll            |       |     3 |     4 |     3 |    21 |     9 |     8 |    16 ||    64
       Potion            |       |     2 |     4 |     8 |     2 |     9 |     9 |    11 ||    45
 Stab: Sleeping          |     1 |       |       |       |       |       |       |       ||     1
       Invisible         |       |       |     2 |     7 |       |       |     2 |       ||    11
       Paralysed         |       |       |       |     7 |       |       |     4 |       ||    11
       Confused          |       |       |       |       |     1 |       |       |       ||     1
       Distracted        |       |       |       |       |       |     1 |       |       ||     1
  Eat: Chunk             |     1 |     8 |     9 |    14 |    30 |    16 |    17 |    11 ||   106
       Meat ration       |       |       |     1 |       |     1 |     1 |     3 |       ||     6
       Beef jerky        |       |       |       |     1 |       |     1 |       |       ||     2
       Pizza             |       |       |       |       |     1 |     7 |     1 |     3 ||    12
       Fruit             |       |       |       |       |       |     2 |       |       ||     2
       Royal jelly       |       |       |       |       |       |       |     4 |     7 ||    11
Armor: Robe              |     6 |       |       |       |       |       |       |       ||     6
       Chain mail        |    29 |   132 |    70 |    87 |   109 |     5 |       |       ||   432
       Plate armour      |       |       |       |    33 |   180 |   688 |   450 |   242 ||  1593
Dodge: Dodged            |    51 |   116 |    48 |   219 |   288 |   591 |   431 |   196 ||  1940
       Deflected         |       |       |       |     4 |     8 |     8 |    30 |    17 ||    67
Block: Other             |       |    29 |    17 |       |       |       |       |       ||    46
       Buckler           |       |       |    10 |   243 |   122 |       |       |       ||   375
       Shield            |       |       |       |       |   611 |  1538 |   775 |       ||  2924
       Reflection        |       |       |       |       |       |     6 |   135 |   100 ||   241
       Large shield      |       |       |       |       |       |       |   916 |  1039 ||  1955
